 Dungeon Crawl Stone Soup version 0.20.1-1-g8b1a95d (webtiles) character file.

601 mmigdal the Skirmisher (level 7, -12/54 HPs)
             Began as a Demonspawn Abyssal Knight on Oct 29, 2017.
             Was a Believer of Lugonu.
             Mangled by a gnoll
             ... wielding a +0 halberd
              (16 damage)
             ... on level 5 of the Dungeon.
             The game lasted 00:49:21 (7026 turns).

mmigdal the Skirmisher (Demonspawn Abyssal Knight)  Turns: 7026, Time: 00:49:21

Health: -12/54     AC: 11    Str: 14      XL:     7   Next: 18%
Magic:  4/9        EV:  6    Int: 13 (14) God:    Lugonu [**....]
Gold:   205        SH:  5    Dex: 14      Spells: 5/9 levels left

rFire    + . .     SeeInvis .   a - +2 spear
rCold    . . .     Gourm    .   e - +1 buckler
rNeg     . . .     Faith    .   f - +1 chain mail
rPois    .         Spirit   .   r - +0 helmet
rElec    .         Reflect  .   (no cloak)
rCorr    .         Harm     +   (gloves unavailable)
MR       .....                  (no boots)
Stlth    ..........             o - amulet of harm
Regen    0.2/turn               q - ring of flight
MPRegen  0.2/turn               (no ring)

@: flying (expiring)
A: claws 3, thin skeletal structure 1, deterioration 1, fire resistance 1, no
potion heal 1, flame cloud immunity
a: Depart the Abyss, Bend Space, Renounce Religion, Stop Flying


You were on level 5 of the Dungeon.
You worshipped Lugonu.
Lugonu was pleased with you.
You were not hungry.

You visited 1 branch of the dungeon, and saw 5 of its levels.
You visited the Abyss 1 time.

You collected 205 gold pieces.

Inventory:

Hand Weapons
 a - a +2 spear (weapon)
 g - a +0 fustibalus
 x - a +0 trident of venom
Missiles
 i - 167 stones (quivered)
 l - 5 tomahawks of returning
 t - 2 exploding tomahawks
 D - a throwing net
Armour
 e - a +1 buckler (worn)
 f - a +1 chain mail (worn)
 r - a +0 helmet (worn)
 v - a +0 pair of gloves
Jewellery
 o - an amulet of harm (around neck)
 q - a ring of flight (left claw)
 y - a +2 amulet of reflection {unknown}
Wands
 b - a wand of lightning (10/15)
Scrolls
 h - a scroll of amnesia
 k - 3 scrolls of remove curse
 u - 2 scrolls of teleportation
 w - a scroll of identify
 C - a scroll of noise {unknown}
Potions
 d - a potion of agility
 n - a potion of lignification {unknown}
 p - 2 potions of experience {unknown}
 A - a potion of resistance
Books
 s - a book of Conjurations

   Spells                             Type                      Level
   a - Magic Dart                     Conjuration                  1
   b - Searing Ray                    Conjuration                  2
   c - Dazzling Spray                 Conjuration/Hexes            3
   d - Fulminant Prism                Conjuration/Hexes            4
   e - Force Lance                    Conjuration/Translocation    4
   f - Iskenderun's Mystic Blast      Conjuration                  4
Comestibles
 c - 3 bread rations
 j - 8 fruits
 m - a royal jelly
 B - 9 chunks of flesh


   Skills:
 + Level 4.0 Fighting
 + Level 3.6 Polearms
 + Level 0.8(1.0) Slings
 + Level 0.6(1.0) Throwing
 + Level 4.0 Armour
 + Level 1.5 Dodging
 + Level 0.2 Stealth
 + Level 1.5 Shields
 + Level 0.5 Unarmed Combat
 + Level 1.7 Spellcasting
 + Level 1.1 Conjurations
 + Level 0.2 Hexes
 + Level 3.4 Invocations


You had 5 spell levels left.
You knew the following spells:

 Your Spells              Type           Power        Failure   Level  Hunger
a - Dazzling Spray        Conj/Hex       #.....       100%        3    ####...
b - Magic Dart            Conj           #...         99%         1    ##.....


Dungeon Overview and Level Annotations

Branches:
Dungeon (5/15)
 Temple: D:4-7

Altars:
Nemelex Xobeh
Uskayaw
Yredelemnul

Shops:
D:4 *


Innate Abilities, Weirdness & Mutations

You have claws for hands.
You have a somewhat thin skeletal structure. (Dex +2, Stealth)
Your flesh is heat resistant. (rF+)
You are immune to clouds of flame.
Your body sometimes deteriorates upon taking damage.
Potions are less effective at restoring your health.


Message History

The jackal closely misses you.
The jackal bites you but does no damage.
A gnoll comes into view. It is wielding a spear.
Space bends around you!
You blink.
The gnoll shouts!
The centaur wields a shortbow.
The centaur shoots an arrow.
The arrow hits you.
* * * LOW HITPOINT WARNING * * *
The gnoll hits you.
* * * LOW HITPOINT WARNING * * *
You block the gnoll's attack.
An ogre comes into view. It is wielding a giant club.
The ogre shouts!
Space bends around you!
You blink.
The jackal barely misses you. The gnoll hits you with a halberd.
* * * LOW HITPOINT WARNING * * *
The jackal bites you but does no damage.
Space bends around you!
You blink.
The jackal bites you but does no damage.
The gnoll hits you with a halberd!
You die...

.#....#
##########g'''###########
.........................
≈≈≈≈≈≈≈≈≈≈....≈≈≈≈≈≈≈≈≈≈≈
≈≈≈≈≈≈≈≈≈≈....≈≈≈≈≈≈≈≈≈≈≈
≈≈≈≈≈≈≈≈≈≈....≈≈≈≈≈≈≈≈≈≈≈
..........g..chg.........
.....O......g.hhgg.......
#..)##....##..##@....##.
#..<##....##÷.##)....#
....#.....#..)..)(...# #
....+.....#....(.....# .##
#.<.##....#.(.##.....#######...#
#...##....#...##.....##..>.....+
#.... ....##..##.....#....##..##
#.... #####.....'....##..# #...#
#................


You could see a centaur, 6 gnolls and 3 jackals.

Vanquished Creatures
  A centaur (D:5)
  A howler monkey (D:5)
  2 hounds (D:4)
  An orc priest (D:3)
  3 orc wizards
  5 worker ants (D:4)
  2 gnolls (D:5)
  5 adders
  6 worms
  4 leopard geckos
  15 orcs
  2 ball pythons
  7 bats
  6 giant cockroaches
  7 goblins
  8 hobgoblins
  9 jackals
  2 kobolds
  3 quokkas
  3 frilled lizards
  A quokka skeleton (D:5)
  9 rats
102 creatures vanquished.

Notes
Turn   | Place    | Note
-------+----------+-------------------------------------------
     0 | Abyss:1  | mmigdal the Demonspawn Abyssal Knight began the quest for the Orb.
     0 | Abyss:1  | Reached XP level 1. HP: 18/18 MP: 2/2
   126 | Abyss:1  | Noticed a quasit
   127 | D:1      | Escaped the Abyss
   250 | D:1      | Gained mutation: Your flesh is heat resistant. (rF+) [demonic ancestry]
   250 | D:1      | Reached XP level 2. HP: 22/24 MP: 3/3
   258 | D:1      | Reached * piety under Lugonu
   799 | D:2      | Gained mutation: You have sharp fingernails. [demonic ancestry]
   799 | D:2      | Reached XP level 3. HP: 21/29 MP: 4/4
  1954 | D:2      | Found a sparkling altar of Nemelex Xobeh.
  1955 | D:2      | Found a basalt altar of Yredelemnul.
  2166 | D:3      | Gained mutation: You have very sharp fingernails. [demonic ancestry]
  2166 | D:3      | Reached XP level 4. HP: 30/37 MP: 5/5
  2205 | D:3      | Noticed a hippogriff
  2564 | D:3      | Reached skill level 1 in Dodging
  2888 | D:3      | Reached skill level 1 in Shields
  2954 | D:3      | Gained mutation: You are immune to clouds of flame. [demonic ancestry]
  2954 | D:3      | Reached XP level 5. HP: 32/42 MP: 6/6
  3006 | D:3      | Reached ** piety under Lugonu
  4185 | D:3      | HP: 2/42 [hippogriff (7)]
  5116 | D:4      | Learned a level 3 spell: Dazzling Spray
  5152 | D:4      | Gained mutation: You have claws for hands. [demonic ancestry]
  5152 | D:4      | Reached XP level 6. HP: 42/48 MP: 8/8
  5192 | D:4      | Found a hide-covered altar of Uskayaw.
  5255 | D:4      | Found Egesaloxt's Assorted Antiques.
  6110 | D:4      | Learned a level 1 spell: Magic Dart
  6224 | D:4      | Gained mutation: Your body sometimes deteriorates upon taking damage. [mutagenic glow]
  6266 | D:4      | Gained mutation: Potions are less effective at restoring your health. [mutagenic glow]
  6584 | D:4      | Found a sparkling altar of Nemelex Xobeh.
  6816 | D:5      | Entered Level 5 of the Dungeon
  6862 | D:5      | Reached skill level 1 in Spellcasting
  6917 | D:5      | Gained mutation: You have a somewhat thin skeletal structure. (Dex +2, Stealth) [demonic ancestry]
  6917 | D:5      | Reached XP level 7. HP: 49/54 MP: 9/9
  6961 | D:5      | Reached skill level 1 in Conjurations
  7026 | D:5      | Mangled by a gnoll

Skill      XL: |  1  2  3  4  5  6  7 |
---------------+----------------------+-----
Armour         | 2 3 4 |  4.0
Polearms       | 2 3 |  3.6
Dodging        | 1 |  1.5
Shields        | 1 |  1.5
Invocations    | 3 |  3.4
Fighting       | 4 |  4.0
Spellcasting   | 1 |  1.7
Conjurations   | 1 |  1.1
Slings         | |  0.8
Throwing       | |  0.6
Stealth        | |  0.2
Unarmed Combat | |  0.5
Hexes          | |  0.2

Action                   |  1- 3 |  4- 6 |  7- 9 || total
-------------------------+-------+-------+-------++-------
Melee: Spear             |   158 |   281 |    19 ||   458
       Fustibalus        |       |     1 |       ||     1
       Unarmed           |       |    11 |       ||    11
       Trident           |       |     6 |       ||     6
 Fire: Fustibalus        |       |    36 |       ||    36
Throw: Stone             |    27 |       |       ||    27
Invok: Depart the Abyss  |     1 |       |       ||     1
       Bend Space        |       |    19 |     7 ||    26
 Abil: Evoke Flight      |       |       |     1 ||     1
  Use: Scroll            |     5 |     7 |       ||    12
       Potion            |     1 |     1 |     1 ||     3
  Eat: Chunk             |     3 |     7 |     1 ||    11
       Fruit             |     1 |       |       ||     1
       Meat ration       |       |     2 |       ||     2
Armor: Chain mail        |    80 |   222 |    13 ||   315
       Plate armour      |    13 |       |       ||    13
Dodge: Dodged            |    36 |    73 |     9 ||   118
Block: Buckler           |    15 |    51 |     7 ||    73
